Map: Neon Violet Square LE

Players

Lillekanin - Winner!

  • Race: Terran Terran
  • Spawn Location: 5:00

VitamiN

  • Race: Zerg Zerg
  • Spawn Location: 11:00

Event: WCS Leipzig 2018

VOD

Have the link to the VOD?

Description

Time

  • Played on: Jan. 26, 2018, 6:45 a.m.
  • Length: 6:15

All games in this series

Show
View Real Time Build Order
Export as new Build Order

Lillekanin Terran - Winner!

Build Orders:  

Get SALT Encoding   

  12  0:00  SCV  
  13  0:12  SCV  
  14  0:17  Supply Depot  
  14  0:24  SCV  
  15  0:29  Refinery  
  15  0:39  SCV  
  16  0:45  Barracks  
  16  0:51  SCV  
  17  1:03  SCV  
  18  1:15  SCV  
  20  1:33  Orbital Command  
  20  1:40  Marine  
  20  1:48  Command Center  
  20  1:59  SCV  
  21  2:03  Factory  
  21  2:07  Barracks Reactor  
  21  2:11  SCV  
  22  2:18  Supply Depot  
  22  2:26  SCV  
  23  2:34  Refinery  
  23  2:39  SCV  
  24  2:51  SCV  
  24  2:53  Hellion x2  
  24  2:57  Armory  
  29  2:58  Marine  
  29  3:01  Orbital Command  
  29  3:04  SCV  
  31  3:15  Hellion  
  31  3:17  SCV  
  34  3:24  Hellion  
  36  3:28  SCV  
  36  3:29  SCV  
  38  3:35  Supply Depot  
  38  3:37  Barracks Reactor  
  38  3:40  SCV  
  38  3:41  SCV  
  40  3:47  Factory  
  40  3:49  Terran Vehicle Weapons Level 1  
  40  3:52  SCV  
  40  3:53  SCV  
  42  3:58  Supply Depot  
  42  4:04  SCV  
  42  4:05  SCV  
  42  4:08  Hellion  
  46  4:13  Hellion  
  46  4:16  SCV  
  49  4:17  SCV  
  49  4:22  Refinery  
  50  4:25  Supply Depot  
  50  4:28  SCV  
  50  4:29  SCV  
  52  4:33  Cyclone  
  52  4:35  Cyclone  
  58  4:40  SCV  
  58  4:43  Cyclone  
  62  4:48  Supply Depot  
  62  4:50  Cyclone  
  62  4:52  SCV  
  66  4:57  Supply Depot  
  66  5:05  Cyclone  
  69  5:11  Cyclone  
  69  5:12  Supply Depot  
  72  5:16  Hellion  
  72  5:19  SCV  
  75  5:21  SCV  
  75  5:26  Widow Mine, Starport  
  78  5:31  SCV  
  78  5:32  Refinery  
  79  5:36  SCV  
  79  5:37  Hellion  
  79  5:40  Supply Depot  
  82  5:44  SCV  
  82  5:48  SCV  
  84  5:56  SCV  
  87  6:00  SCV  
Show
View Real Time Build Order
Export as new Build Order

VitamiN Zerg 

Build Orders: Hatch First 

Get SALT Encoding   

  12  0:01  Drone  
  13  0:13  Overlord  
  13  0:18  Drone  
  14  0:25  Drone, Extractor  
  15  0:31  Drone  
  15  0:35  Drone  
  17  0:55  Hatchery  
  16  0:58  Drone  
  16  1:01  Drone  
  18  1:12  Extractor  
  18  1:17  Spawning Pool  
  16  1:20  Drone  
  16  1:23  Drone  
  18  1:29  Drone  
  19  1:42  Overlord  
  19  2:03  Queen  
  19  2:04  Zergling x2  
  19  2:05  Zergling x2  
  19  2:06  Queen  
  19  2:07  Zergling x2  
  26  2:12  Drone  
  27  2:18  Metabolic Boost  
  27  2:21  Drone  
  28  2:25  Drone  
  28  2:29  Drone  
  30  2:33  Drone  
  31  2:52  Hatchery  
  31  2:55  Overlord  
  30  2:59  Overlord  
  30  3:16  Drone x4  
  30  3:17  Drone x3  
  34  3:25  Queen  
  36  3:30  Drone x2  
  38  3:34  Zergling x4  
  38  3:36  Zergling x2  
  41  3:44  Extractor  
  41  3:45  Drone x2  
  42  3:53  Drone  
  43  3:55  Overlord  
  43  4:00  Roach Warren  
  42  4:16  Zergling x8  
  45  4:18  Drone  
  45  4:19  Drone x2  
  48  4:28  Drone  
  49  4:31  Drone x3  
  49  4:33  Overlord x2  
  49  4:34  Overlord  
  52  4:52  Roach  
  56  4:53  Roach x5  
  56  4:56  Roach x3  
  56  4:57  Roach  
  72  5:03  Overlord  
  71  5:18  Roach x3  
  71  5:19  Roach x2  
  81  5:27  Ravager x4  
  85  5:29  Overlord x2  
  85  5:30  Zergling x8  
  85  5:33  Overlord  
  89  5:37  Overlord  
  89  5:47  Ravager x2  
  89  5:49  Zergling x2  
  92  5:50  Zergling x16  
Tags
 
Add a new tag
Caveats
  • Supply blocks, unpowered buildings, or Contaminate may cause inaccurate times.
  • Supply counts are checked every 10 seconds.